 Dungeon Crawl Stone Soup version 0.28.0 (webtiles) character file.

Game seed: 9502225295192887553

472 a3don the Chiller (level 7, -1/50 HPs)
             Began as a Gnoll Ice Elementalist on Feb 17, 2022.
             Was an Initiate of Ashenzari.
             Slain by a troll (7 damage)
             ... on level 5 of the Dungeon.
             The game lasted 00:05:23 (4625 turns).

a3don the Chiller (Gnoll Ice Elementalist)          Turns: 4625, Time: 00:05:24

Health: -1/50      AC:  9    Str:  7    XL:     7   Next: 9%
Magic:  6/15       EV: 13    Int: 17    God:    Ashenzari [......]
Gold:   200        SH:  0    Dex: 12    Spells: 10/17 levels left

rFire   . . .      SeeInvis .   t - +4 whip
rCold   . . .      Faith    .   (no shield)
rNeg    . . .      Spirit   .   r - +2 robe {Will+}
rPois   .          Reflect  .   (no helmet)
rElec   .          Harm     .   (no cloak)
rCorr   .          Rampage  .   e - +0 pair of gloves
Will    +....                   (no boots)
Stlth   +++.......              (no amulet)
HPRegen 0.16/turn               g - +4 ring of protection
MPRegen 0.14/turn               v - ring of flight

@: freezing walls, flying
A: fangs 1, strong nose, distributed training
a: Renounce Religion


You were on level 5 of the Dungeon.
You worshipped Ashenzari.
Ashenzari was noncommittal.
You visited 2 branches of the dungeon, and saw 6 of its levels.

You collected 200 gold pieces.

Inventory:

Hand Weapons
 b - a +0 dagger
 s - a +0 quarterstaff
 t - a +4 whip (weapon)
Missiles
 j - 72 stones
 n - 34 sling bullets
Armour
 a - a +0 robe
 e - a +0 pair of gloves (worn)
 p - a +0 buckler
 r - a +2 robe of willpower (worn)
Jewellery
 g - a +4 ring of protection (left hand)
 u - a ring of fire
 v - a ring of flight (right hand)
Scrolls
 f - a scroll of amnesia {unknown}
 i - a scroll of teleportation
 k - a scroll of identify {unknown}
 m - a scroll of enchant armour {unknown}
Potions
 c - a potion of curing {unknown}
 d - 2 potions of magic {unknown}
 h - 2 potions of haste {unknown}
 l - a potion of lignification {unknown}
 o - a potion of heal wounds {unknown}
 q - a potion of cancellation {unknown}


   Skills:
 + Level 2.2 Fighting
 + Level 2.2 Short Blades
 + Level 2.2 Long Blades
 + Level 2.2 Axes
 + Level 2.2 Maces & Flails
 + Level 2.2 Polearms
 + Level 2.2 Staves
 + Level 2.2 Slings
 + Level 2.2 Bows
 + Level 2.2 Crossbows
 + Level 2.2 Throwing
 + Level 2.2 Armour
 + Level 5.1 Dodging
 + Level 4.8 Stealth
 + Level 2.2 Shields
 + Level 2.2 Unarmed Combat
 + Level 5.5 Spellcasting
 + Level 1.8 Conjurations
 + Level 1.8 Hexes
 + Level 1.8 Summonings
 + Level 1.8 Necromancy
 + Level 1.8 Translocations
 + Level 1.8 Transmutations
 + Level 1.8 Fire Magic
 + Level 7.3 Ice Magic
 + Level 1.8 Air Magic
 + Level 1.8 Earth Magic
 + Level 1.8 Poison Magic
 + Level 2.5 Invocations
 + Level 2.2 Evocations


You had 10 spell levels left.
You knew the following spells:

 Your Spells              Type           Power      Damage    Failure   Level
a - Freeze                Ice            100%       1d11      1%          1
b - Frozen Ramparts       Ice            58%        1d7       1%          3
c - Ozocubu's Armour      Ice            29%        N/A       1%          3

Your spell library contained the following spells:

 Spells                   Type           Power      Damage    Failure   Level
 Hailstorm                Conj/Ice       20%        3d6       21%         4


Dungeon Overview and Level Annotations

Branches:
Dungeon (5/15)             Temple (1/1) D:4

Altars:
Ashenzari
Cheibriados
Dithmenos
Elyvilon
Fedhas
Gozag
Hepliaklqana
Kikubaaqudgha
Makhleb
Nemelex Xobeh
Okawaru
Qazlal
Ru
Sif Muna
Trog
Uskayaw
Vehumet
Xom
Zin
The Shining One


Innate Abilities, Weirdness & Mutations

You have very sharp teeth.
Your uncanny sense of smell can sniff out nearby items.
Your experience applies equally to all skills.


Message History

Casting: Freeze (safe; 1% risk of failure)
Confirm with . or Enter, or press ? or * to list all spells.
Aiming: Freeze (safe; 1% risk of failure)
Press: ? - help, Shift-Dir - straight line, f - troll
Aim: a troll (moderately wounded)
You freeze the troll.
The troll is moderately wounded.
The wall freezes the troll.
The troll bites you but does no damage. The troll claws you.
The troll completely misses you.
Casting: Freeze (safe; 1% risk of failure)
Confirm with . or Enter, or press ? or * to list all spells.
Aiming: Freeze (safe; 1% risk of failure)
Press: ? - help, Shift-Dir - straight line, f/p - troll
Aim: a troll (heavily wounded)
You freeze the troll.
The troll is heavily wounded.
The wall freezes the troll.
The troll bites you! The troll claws you. x2
Unknown command.
Casting: Freeze (safe; 1% risk of failure)
Confirm with . or Enter, or press ? or * to list all spells.
Aiming: Freeze (safe; 1% risk of failure)
Press: ? - help, Shift-Dir - straight line, f/p - troll
Aim: a troll (heavily wounded)
You freeze the troll.
The troll is heavily wounded.
The wall freezes the troll.
The troll bites you!
* * * LOW HITPOINT WARNING * * *
The troll barely misses you. The troll claws you.
* * * LOW HITPOINT WARNING * * *
Casting: Freeze (safe; 1% risk of failure)
Confirm with . or Enter, or press ? or * to list all spells.
Aiming: Freeze (safe; 1% risk of failure)
Press: ? - help, Shift-Dir - straight line, f/p - troll
Aim: a troll (heavily wounded)
You freeze the troll!
The troll is almost dead.
The wall freezes the troll.
The troll bites you.
* * * LOW HITPOINT WARNING * * *
The troll claws you!
You die...

#....#......###.#
#######..#....#.#
#..#.##.#.#.. .. #.>#..
........## #..#..# #.......
#..#... ..#.#.#########
#..#.## ....#..........
#..#+########.........#
#.....##..@T'...<.....+
#.....##.####.........#
#.....##.# #.........+
#######.....##.##
#.........#
............'...#
#....)....#
########....##..#
#....>....# #....'#..#
#.........#
##...##..##............
#######.####..##.###########


You could see a troll.

Vanquished Creatures
  An orc warrior (D:4)
  A phantom (D:5)
  A scorpion (D:5)
  2 hounds (D:4)
  A bullfrog skeleton (D:3)
  A howler monkey zombie (D:5)
  A gnoll (D:1)
  6 adders
  An adder skeleton (D:4)
  3 worms (D:2)
  A dart slug (D:1)
  9 orcs
  5 endoplasms
  2 giant cockroaches
  3 goblins
  13 hobgoblins
  2 jackals (D:1)
  A quokka (D:3)
  2 ball pythons
  5 bats
  2 frilled lizards (D:3)
  3 kobolds
  7 rats
73 creatures vanquished.

Vanquished Creatures (others)
  A dart slug (D:4)
1 creature vanquished.

Grand Total: 74 creatures vanquished

Notes
Turn   | Place    | Note
-------+----------+-------------------------------------------
     0 | D:1      | a3don the Gnoll Ice Elementalist began the quest for the
                  | Orb.
     0 | D:1      | Reached XP level 1. HP: 13/13 MP: 6/6
   452 | D:1      | Reached XP level 2. HP: 16/19 MP: 4/7
   840 | D:1      | Reached XP level 3. HP: 16/25 MP: 5/9
  1047 | D:1      | Learned a level 3 spell: Frozen Ramparts
  1051 | D:1      | Learned a level 3 spell: Ozocubu's Armour
  1098 | D:1      | Reached skill level 5 in Spellcasting
  1357 | D:2      | Reached skill level 1 in Invocations
  1415 | D:2      | Reached skill level 1 in Fighting
  1415 | D:2      | Reached skill level 1 in Short Blades
  1415 | D:2      | Reached skill level 1 in Long Blades
  1415 | D:2      | Reached skill level 1 in Axes
  1415 | D:2      | Reached skill level 1 in Maces & Flails
  1415 | D:2      | Reached skill level 1 in Polearms
  1415 | D:2      | Reached skill level 1 in Staves
  1415 | D:2      | Reached skill level 1 in Slings
  1415 | D:2      | Reached skill level 1 in Bows
  1415 | D:2      | Reached skill level 1 in Crossbows
  1415 | D:2      | Reached skill level 1 in Throwing
  1415 | D:2      | Reached skill level 1 in Armour
  1415 | D:2      | Reached skill level 1 in Shields
  1415 | D:2      | Reached skill level 1 in Unarmed Combat
  1415 | D:2      | Reached skill level 1 in Evocations
  1433 | D:2      | Reached XP level 4. HP: 29/32 MP: 6/11
  1837 | D:2      | Found a faded altar of an unknown god.
  2073 | D:3      | Reached skill level 1 in Conjurations
  2073 | D:3      | Reached skill level 1 in Hexes
  2073 | D:3      | Reached skill level 1 in Summonings
  2073 | D:3      | Reached skill level 1 in Necromancy
  2073 | D:3      | Reached skill level 1 in Translocations
  2073 | D:3      | Reached skill level 1 in Transmutations
  2073 | D:3      | Reached skill level 1 in Fire Magic
  2073 | D:3      | Reached skill level 1 in Air Magic
  2073 | D:3      | Reached skill level 1 in Earth Magic
  2073 | D:3      | Reached skill level 1 in Poison Magic
  2483 | D:3      | You fall into a shaft and drop 1 floor!
  2567 | D:3      | Reached XP level 5. HP: 35/37 MP: 8/12
  3446 | D:4      | Noticed an orc warrior
  3457 | D:4      | Killed an orc warrior
  3458 | D:4      | Reached XP level 6. HP: 36/44 MP: 4/13
  3493 | D:4      | Reached skill level 5 in Dodging
  3891 | D:4      | Found a staircase to the Ecumenical Temple.
  4213 | Temple   | Entered the Ecumenical Temple
  4342 | Temple   | Became a worshipper of Ashenzari the Shackled
  4393 | D:5      | Entered Level 5 of the Dungeon
  4610 | D:5      | Noticed a troll
  4622 | D:5      | Reached XP level 7. HP: 46/50 MP: 10/15
  4625 | D:5      | Slain by a troll

Illustrated notes

Levels and vault maps discovered:
D:1:      minmay_arrival_pointy, layout_rooms, minmay_misc_feat_four_crosses
D:2:      layout_rooms, hellmonk_ecumenical_altar_leap_of_faith
D:3:      wad_pebble_path, layout_basic
D:4:      layout_loops_ring, lemuel_temple_firewalk_b, serial_park_tiny_1
D:5:      layout_basic, mainiacjoe_overflow_concentric_impassable
Temple:   regret_index_temple_chain_breaker

Skill      XL: |  1  2  3  4  5  6 |
---------------+-------------------+-----
Spellcasting   | 5 |  5.5
Invocations    | 1 2 |  2.5
Fighting       | 1 2 |  2.2
Short Blades   | 1 2 |  2.2
Long Blades    | 1 2 |  2.2
Axes           | 1 2 |  2.2
Maces & Flails | 1 2 |  2.2
Polearms       | 1 2 |  2.2
Staves         | 1 2 |  2.2
Slings         | 1 2 |  2.2
Bows           | 1 2 |  2.2
Crossbows      | 1 2 |  2.2
Throwing       | 1 2 |  2.2
Armour         | 1 2 |  2.2
Shields        | 1 2 |  2.2
Unarmed Combat | 1 2 |  2.2
Evocations     | 1 2 |  2.2
Conjurations   | 1 |  1.8
Hexes          | 1 |  1.8
Summonings     | 1 |  1.8
Necromancy     | 1 |  1.8
Translocations | 1 |  1.8
Transmutations | 1 |  1.8
Fire Magic     | 1 |  1.8
Air Magic      | 1 |  1.8
Earth Magic    | 1 |  1.8
Poison Magic   | 1 |  1.8
Dodging        | 5 |  5.1
Stealth        | |  4.8
Ice Magic      | |  7.3

Action                   |  1- 3 |  4- 6 |  7- 9 || total
-------------------------+-------+-------+-------++-------
Melee: Dagger            |    18 |    63 |       ||    81
       Unarmed           |     1 |       |       ||     1
       Bite              |     3 |    15 |       ||    18
       Punch             |       |     2 |       ||     2
       Whip              |       |    24 |       ||    24
 Cast: Freeze            |    29 |    44 |     4 ||    77
       Frozen Ramparts   |     2 |    11 |       ||    13
       Ozocubu's Armour  |       |     1 |       ||     1
  Use: Scroll            |       |     1 |       ||     1
 Stab: Sleeping          |       |     7 |       ||     7
Armor: Robe              |     3 |    39 |     1 ||    43
Dodge: Dodged            |    24 |    64 |     2 ||    90
